 Dungeon Crawl Stone Soup version 0.25-a0-1133-g93ebf739aa (webtiles) character file.

Game seed: 3833086343812114439, levelgen mode: deterministic

1143 Flugslaktarn the Chopper (level 8, 0/49 HPs)
             Began as a Gargoyle Fighter on May 20, 2020.
             Was a Believer of Okawaru.
             Slain by a bullfrog (4 damage)
             ... on level 7 of the Dungeon.
             The game lasted 00:10:30 (2433 turns).

Flugslaktarn the Chopper (Gargoyle Fighter)         Turns: 2433, Time: 00:10:31

Health: 0/49       AC: 24    Str: 27    XL:     8   Next: 37%
Magic:  9/10       EV:  9    Int: 10    God:    Okawaru [**....]
Gold:   110        SH: 12    Dex:  9    Spells: 7/7 levels left

rFire    . . .     SeeInvis .   a - +0 war axe
rCold    . . .     Gourm    .   c - +0 kite shield
rNeg     + . .     Faith    .   o - +0 plate armour
rPois    ∞         Spirit   .   k - +1 helmet
rElec    +         Reflect  .   b - +0 cloak
rCorr    .         Harm     .   (no gloves)
MR       .....                  (no boots)
Stlth    ..........             h - amulet of the acrobat
HPRegen  0.16/turn              (no ring)
MPRegen  0.12/turn              p - +6 ring of strength

@: heroism
A: negative energy resistance 1, electricity resistance, unbreathing,
petrification resistance, rot immunity, AC +5
a: Heroism, Renounce Religion


You were on level 7 of the Dungeon.
You worshipped Okawaru.
Okawaru was pleased with you.
You were not hungry.

You visited 2 branches of the dungeon, and saw 8 of its levels.
You also visited: Ossuary.

You collected 282 gold pieces.
You spent 172 gold pieces at shops.

Inventory:

Hand Weapons
 a - a +0 war axe (weapon)
Armour
 b - a +0 cloak (worn)
   (You found it on level 2 of the Dungeon)
 c - a +0 kite shield (worn)
 k - a +1 helmet (worn)
   (You took it off Robin on level 3 of the Dungeon)
 o - a +0 plate armour (worn)
   (You found it on level 7 of the Dungeon)
Jewellery
 h - an amulet of the acrobat (around neck)
   (You found it on level 1 of the Dungeon)
 i - an uncursed ring of fire
   (You found it on level 1 of the Dungeon)
 p - a +6 ring of strength (right hand)
   (You found it on level 3 of the Dungeon)
Wands
 A - a wand of paralysis (14)
   (You found it on level 6 of the Dungeon)
Scrolls
 g - a scroll of fear
 m - 2 scrolls of magic mapping
 r - a scroll of identify
 t - 2 scrolls of teleportation
 x - 4 scrolls of remove curse
 y - a scroll of enchant weapon
 z - a scroll of blinking
 B - a scroll of fog
Potions
 d - 5 potions of might
 f - a potion of haste
 l - a potion of mutation
 n - 2 potions of resistance
 q - a potion of curing
 s - 2 potions of cancellation
 u - 3 potions of invisibility
 v - a potion of magic
 w - a potion of heal wounds
Comestibles
 e - 13 rations


   Skills:
 + Level 5.3(10.3) Fighting
 * Level 5.5(10.5) Axes
 + Level 5.5(10.5) Armour
 + Level 5.5(10.5) Shields
 + Level 3.5 Invocations


You had 7 spell levels left.
You didn't know any spells.
Your spell library was empty.

Dungeon Overview and Level Annotations

Branches:
Dungeon (7/15)             Temple (1/1) D:4         Ossuary (visited)

Altars:
Ashenzari
Cheibriados
Dithmenos
Elyvilon
Gozag
Hepliaklqana
Kikubaaqudgha
Makhleb
Okawaru
Qazlal
Ru
Sif Muna
Trog
Uskayaw
Vehumet
Wu Jian
The Shining One

Shops:
D:6 ([?}


Innate Abilities, Weirdness & Mutations

You are resistant to torment.
Your stone body is resilient. (AC +5)
You are immune to poison.
You resist negative energy. (rN+)
You are resistant to electric shocks. (rElec)
You can survive without breathing.
You are immune to petrification.
You are immune to rotting.


Message History

You are too injured to fight recklessly!
You are too injured to fight recklessly!
You closely miss the hippogriff.
The hippogriff is lightly wounded.
You hit the bullfrog. You closely miss the bullfrog.
You block the bullfrog's attack.
The bullfrog hits you but does no damage.
The hippogriff bites you.
* * * LOW HITPOINT WARNING * * *
You block the hippogriff's attack. The hippogriff barely misses you.
You block the bullfrog's attack. The bullfrog misses you.
You hit the hippogriff.
The hippogriff is lightly wounded.
You hit the bullfrog. You closely miss the bullfrog.
You block the bullfrog's attack.
The hippogriff bites you but does no damage.
You block the hippogriff's attack. The hippogriff claws you.
* * * LOW HITPOINT WARNING * * *
The bullfrog hits you.
You die...

### . #.. #.#####.#
#.......## ####
#...n....## ###...
.$<...F@..# ####...##
......)HF(####
#....####
........(....###.####
# ..........##.....#
# ..........(...####
# #..>.....###.## #
.......... #.# #
........?. #.#
......... #.#


You could see a hippogriff, a necrophage and 2 bullfrogs.

Vanquished Creatures
  An ice beast (D:3)
  A phantom (D:4)
  2 ogres
  2 centaurs
  A howler monkey (D:6)
  A crimson imp (D:6)
  A centaur zombie (D:7)
  A jelly (D:6)
  2 orc wizards
  An iguana (D:7)
  Natasha (twice) (D:2)
  4 worker ants
  A big kobold zombie (Ossuary)
  A hound zombie (Ossuary)
  4 mummies (Ossuary)
  Robin (D:3)
  A howler monkey skeleton (D:5)
  7 adders
  A shadow imp (D:5)
  3 adder zombies
  3 leopard geckos
  12 orcs
  A ball python (D:1)
  2 gnoll zombies (Ossuary)
  11 goblins
  11 hobgoblins
  10 jackals
  A quokka (D:4)
  5 bats
  2 frilled lizards
  2 goblin zombies (Ossuary)
  A hobgoblin zombie (Ossuary)
  2 jackal zombies (Ossuary)
  5 kobolds
  A kobold zombie (Ossuary)
  A leopard gecko zombie (D:5)
  An orc zombie (Ossuary)
  4 rats
  A withered plant (D:3)
114 creatures vanquished.

Notes
Turn   | Place    | Note
-------+----------+-------------------------------------------
     0 | D:1      | Flugslaktarn the Gargoyle Fighter began the quest for the
                  | Orb.
     0 | D:1      | Reached XP level 1. HP: 14/14 MP: 1/1
   111 | D:1      | Reached XP level 2. HP: 13/19 MP: 2/2
   391 | D:2      | Reached XP level 3. HP: 18/23 MP: 3/3
   468 | D:2      | Noticed Natasha
   482 | D:2      | Killed Natasha
   500 | D:2      | Reached XP level 4. HP: 11/29 MP: 4/4
   561 | D:2      | Noticed Natasha
   568 | D:2      | Killed Natasha
   669 | D:2      | Found an iron altar of Okawaru.
   669 | D:2      | Found a burning altar of Makhleb.
   675 | D:2      | Became a worshipper of Warmaster Okawaru
   818 | D:3      | Noticed an ice beast
   825 | D:3      | Reached XP level 5. HP: 28/33 MP: 5/5
   834 | D:3      | Killed an ice beast
   834 | D:3      | Reached skill level 1 in Invocations
   837 | D:3      | Reached * piety under Okawaru
   837 | D:3      | Reached XP level 6. HP: 34/38 MP: 6/6
   865 | D:3      | Noticed Robin
   873 | D:3      | Killed Robin
   939 | D:3      | Found an ancient bone altar of Kikubaaqudgha.
  1163 | D:4      | Noticed a phantom
  1192 | D:4      | Killed a phantom
  1192 | D:4      | Reached XP level 7. HP: 35/44 MP: 8/8
  1278 | D:4      | You fall into a shaft and drop 2 floors!
  1387 | D:6      | Found Tushra Muira's Gadget Emporium.
  1438 | D:5      | Entered Level 5 of the Dungeon
  1456 | D:6      | Reached skill level 5 in Shields
  1460 | D:6      | Found a sand-covered staircase.
  1471 | Ossuary  | Entered an ossuary
  1479 | Ossuary  | Reached skill level 5 in Armour
  1533 | Ossuary  | Reached skill level 5 in Fighting
  1673 | D:6      | Found Hudghitac's Magic Scroll Shop.
  1680 | D:6      | Bought a scroll of fear for 52 gold pieces
  1680 | D:6      | Bought a scroll of identify for 30 gold pieces
  1680 | D:6      | Bought a scroll of identify for 30 gold pieces
  1680 | D:6      | Bought a scroll of identify for 30 gold pieces
  1680 | D:6      | Bought a scroll of identify for 30 gold pieces
  1738 | D:4      | Reached ** piety under Okawaru
  1921 | D:5      | Reached skill level 5 in Axes
  1921 | D:5      | Reached XP level 8. HP: 45/49 MP: 10/10
  1948 | D:5      | Found an opulent altar of Gozag.
  2086 | D:4      | Found a staircase to the Ecumenical Temple.
  2112 | Temple   | Entered the Ecumenical Temple
  2293 | D:6      | Found Aryseck's Antique Armour Emporium.
  2317 | D:6      | Found Tigho's Weapon Boutique.
  2418 | D:7      | Noticed a hippogriff
  2433 | D:7      | Slain by a bullfrog

Illustrated notes

Levels and vault maps discovered:
D:1:      dpeg_arrival_tiny_i, layout_loops_corners, chequers_jeans
D:2:      layout_loops_ring, chequers_temple_overflow_statue_of_worship,
          minmay_vboxes, uniq_natasha
D:3:      layout_basic, kiku_gazebo_garden_becter, uniq_robin
D:4:      layout_gridville, minmay_temple_entry_mist, first_ration,
          kennysheep_decorative_pillar
D:5:      layout_cave_pods, grunt_gozag_breadcrumbs
D:6:      layout_loops_ring, nicolae_ossuary_entry_ruins, serial_shops, shop,
          shop, shop, shop_fountains, grunt_decor_cap
D:7:      layout_rooms, serial_shops, shop
Temple:   regret_index_temple_mists

Skill      XL: |  1  2  3  4  5  6  7 |
---------------+----------------------+-----
Axes           | 2 3 4 5 |  5.5
Shields        | 4 5 |  5.5
Fighting       | 4 5 |  5.3
Armour         | 4 5 |  5.5
Invocations    | 1 2 3 |  3.5

Action                   |  1- 3 |  4- 6 |  7- 9 || total
-------------------------+-------+-------+-------++-------
Melee: War axe           |    96 |   128 |   188 ||   412
Invok: Heroism           |       |       |     3 ||     3
  Use: Scroll            |     2 |     4 |    10 ||    16
       Potion            |       |     1 |     1 ||     2
  Eat: Ration            |       |     1 |     1 ||     2
Armor: Scale mail        |    28 |       |       ||    28
       Chain mail        |    49 |    64 |   120 ||   233
       Plate armour      |       |       |    25 ||    25
Dodge: Dodged            |    52 |    45 |    85 ||   182
Block: Kite shield       |    71 |    92 |   140 ||   303

Table legend:
 A = Non-vault XP
 B = Vault XP
 C = Vault XP percentage of total XP
 D = Non-vault monster count
 E = Vault monster count
 F = Vault count percentage of total count
                 A         B        C        D         E       F
            +---------+---------+-------+---------+---------+-------
      Total |    1406 |     227 |  13.9 |      80 |      33 |  29.2
            +---------+---------+-------+---------+---------+-------
        D:1 |      18 |       0 |   0.0 |      11 |       0 |   0.0
        D:2 |      68 |      54 |  44.3 |      12 |       6 |  33.3
        D:3 |     235 |      34 |  12.6 |      23 |      11 |  32.4
        D:4 |     362 |       0 |   0.0 |      11 |       0 |   0.0
        D:5 |     200 |       0 |   0.0 |       9 |       0 |   0.0
        D:6 |     321 |       0 |   0.0 |       9 |       0 |   0.0
        D:7 |     202 |       0 |   0.0 |       5 |       0 |   0.0
    Ossuary |       0 |     139 | 100.0 |       0 |      16 | 100.0
            +---------+---------+-------+---------+---------+-------
